 Dungeon Crawl Stone Soup version 0.23-a0-300-g6719eeacba (webtiles) character file.

23 PikkenKukken the Ruffian (level 2, 25/26 HPs)
             Began as a Troll Fighter on Oct 7, 2018.
             Was a Follower of Hepliaklqana.
             Quit the game on level 3 of the Dungeon.
             The game lasted 00:01:46 (791 turns).

PikkenKukken the Ruffian (Troll Fighter)             Turns: 791, Time: 00:01:46

Health: 25/26      AC:  5    Str: 23    XL:     2   Next: 75%
Magic:  1/1        EV:  8    Int:  4    God:    Hepliaklqana [*.....]
Gold:   55         SH:  8    Dex:  9    Spells: 1/1 levels left

rFire    . . .     SeeInvis .     - Unarmed
rCold    . . .     Gourm    +   b - +0 shield
rNeg     . . .     Faith    .   a - +0 robe
rPois    .         Spirit   .   (helmet restricted)
rElec    .         Reflect  .   (no cloak)
rCorr    .         Harm     .   (gloves unavailable)
MR       .....                  (boots unavailable)
Stlth    +.........             (no amulet)
HPRegen  0.48/turn              (no ring)
MPRegen  0.07/turn              (no ring)

@: mildly poisoned (25 -> 25)
A: large, unfitting armour, reduced essence, claws 3, fast metabolism 3,
gourmand, regeneration 1, shaggy fur 1, tough skin 2
a: Recall Ancestor, Ancestor Identity, Renounce Religion


You were on level 3 of the Dungeon.
You worshipped Hepliaklqana.
Hepliaklqana was aware of your devotion.
You were not hungry.

You visited 1 branch of the dungeon, and saw 3 of its levels.

You collected 55 gold pieces.

Inventory:

Armour
 a - a +0 robe (worn)
 b - a +0 shield (worn)
Scrolls
 h - a scroll of identify
Potions
 c - a potion of might
 e - a potion of lignification
 f - a potion of ambrosia
 g - a potion of magic {unknown}
 i - a potion of haste {unknown}
Comestibles
 d - 4 rations


   Skills:
 - Level 2.4 Fighting
 - Level 2.4 Dodging
 - Level 2.4 Shields
 + Level 3.3 Unarmed Combat


You had one spell level left.
You didn't know any spells.
Your spell library was empty.

Dungeon Overview and Level Annotations

Branches:
Dungeon (2/15)

Altars:
Hepliaklqana


Innate Abilities, Weirdness & Mutations

You are too large for most types of armour.
You have claws for hands.
Your metabolism is lightning-fast.
You like to eat raw meat.
Your natural rate of healing is unusually fast.
You are covered in fur. (AC +1)
You have very tough skin. (AC +2)
Your life essence is reduced to manifest your ancestor. (-10% HP)


Message History

You are poisoned.
The adder poisons you! The adder barely misses you.
You barely miss the adder.
You feel sick. You block the adder's attack.
You closely miss the adder. You block the adder's attack.
The adder bites you but does no damage.
You barely miss the adder.
You feel sick. The adder barely misses you.
You barely miss the adder. The adder barely misses you.
You scratch the adder but do no damage.
You feel sick. The adder barely misses you.
You miss the adder. The adder bites you but does no damage.
You block the adder's attack.
You miss the adder. The adder bites you but does no damage.
You closely miss the adder.
You feel sick.
The adder bites you but does no damage. x2
You claw the adder!
You kill the adder!
No target in view!
No target in view!
No target in view!
Are you sure you want to abandon this character and quit the game? (Confirm

. ...
####....
####.......
#....#
#.#..##
#.##.R#
##.##@#
##R###†#
#.## ...
##R###.##
##.##.#
##.###..
#.## ...
##.# ...
#.#


You could see the friendly Ingiyab the ancestor.

Vanquished Creatures
  An adder (D:3)
  An ooze (D:3)
  2 goblins (D:1)
  A hobgoblin (D:1)
  2 kobolds
  2 frilled lizards
  2 rats (D:1)
11 creatures vanquished.

Notes
Turn   | Place    | Note
-------+----------+-------------------------------------------
     0 | D:1      | PikkenKukken the Troll Fighter began the quest for the Orb.
     0 | D:1      | Reached XP level 1. HP: 22/22 MP: 0/0
   636 | D:2      | Reached XP level 2. HP: 28/29 MP: 1/1
   752 | D:2      | You fall through a shaft!
   755 | D:3      | Found a faded altar of an unknown god.
   767 | D:3      | Became a worshipper of Hepliaklqana the Forgotten
   767 | D:3      | Reached * piety under Hepliaklqana
   771 | D:3      | Reached skill level 3 in Unarmed Combat
   791 | D:3      | Quit the game

Vault maps used:
D:1:      dpeg_arrival_oval, minmay_pentomino_v2
D:2:      serial_bayou_pond_d, minmay_tree_intersection,
          minmay_misc_feat_encased, minivault_4, lemuel_tele_altar, uniq_sigmund
D:3:      first_ration, chequers_ecumenical_altar_twisty, uniq_jessica

Skill      XL: |  1  2 |
---------------+-------+-----
Unarmed Combat | 3 |  3.3
Fighting       | |  2.4
Dodging        | |  2.4
Shields        | |  2.4

Action                   || total
-------------------------++-------
Melee: Unarmed           ||    32
  Use: Scroll            ||     7
  Eat: Chunk             ||     6
Armor: Robe              ||    14
Dodge: Dodged            ||     8
Block: Shield            ||     7

Table legend:
 A = Non-vault XP
 B = Vault XP
 C = Vault XP percentage of total XP
 D = Non-vault monster count
 E = Vault monster count
 F = Vault count percentage of total count
                 A         B        C        D         E       F
            +---------+---------+-------+---------+---------+-------
      Total |      32 |       2 |   5.9 |      10 |       1 |   9.1
            +---------+---------+-------+---------+---------+-------
        D:1 |       9 |       2 |  18.2 |       6 |       1 |  14.3
        D:2 |       2 |       0 |   0.0 |       2 |       0 |   0.0
        D:3 |      21 |       0 |   0.0 |       2 |       0 |   0.0
            +---------+---------+-------+---------+---------+-------
